 Dungeon Crawl Stone Soup version 0.30-a0-1116-gebefce21f7 (webtiles) character file.

Game seed: 7368807723749398632

457382 demibob the Shatterer (level 23, -5/260 HPs)
             Began as a Troll Berserker on Apr 20, 2023.
             Was a High Priest of Trog.
             Slain by Jory
             ... wielding a +2 great sword
              (11 damage)
             ... on level 5 of the Vaults on Apr 21, 2023.
             The game lasted 01:42:21 (43558 turns).

demibob the Shatterer (Troll Berserker)            Turns: 43558, Time: 01:42:21

Health: -5/260     AC: 36    Str: 31    XL:     23   Next: 30%
Magic:  7/7        EV: 20    Int:  5    God:    Trog [*****.]
Gold:   3495       SH:  0    Dex: 20    Spells: 22/22 levels left

rFire   + + +      SeeInvis +    a - +10 giant spiked club (antimagic)
rCold   . . .      Faith    .    (shield currently unavailable)
rNeg    + . .      Spirit   .    x - +9 shadow dragon scales "Oqibaymp" {*Corrode rPois Dex+7 Stlth++++}
rPois   +          Reflect  .    d - +2 hat {Stlth+}
rElec   +          Rampage  .    b - +2 cloak {rCorr}
rCorr   +                        (gloves unavailable)
Will    ++++.                    (boots unavailable)
Stlth   +++                      u - amulet "Zuso Omn" {rElec rF+++ Regen+ Int-2}
HPRegen 3.23/turn                E - +5 ring of evasion
MPRegen 0.10/turn                l - ring of Sawetieqi {rN+ Will+ SInv Stlth-}

@: strong-willed, on berserk cooldown, regenerating, slowed, studying 2 skills,
very slow
A: large, unfitting armour, claws 3, regeneration 1, shaggy fur 1, tough skin 1,
fire resistance 1, mutation resistance 1
}: 2/15 runes: decaying, gossamer
a: Renounce Religion, Berserk, Trog's Hand, Brothers in Arms


You were on level 5 of the Vaults.
You worshipped Trog.
Trog was extremely pleased with you.
You visited 8 branches of the dungeon, and saw 42 of its levels.
You visited the Abyss 1 time.
You also visited: Bailey and Desolation.

You collected 5366 gold pieces.
You spent 1871 gold pieces at shops.


Innate Abilities, Weirdness & Mutations

You are too large for most types of armour.
You have claws for hands.
Your natural rate of healing is unusually fast.
You are covered in fur. (AC +1)
You have tough skin. (AC +1)
Your flesh is heat resistant. (rF+)
You are somewhat resistant to further mutation.


   Skills:
 + Level 21.0 Fighting
 - Level 22.0 Maces & Flails
 - Level 18.1 Armour
 - Level 13.0 Dodging
 + Level 6.6 Evocations


You had 22 spell levels left.
You didn't know any spells.
Your spell library was empty.

Inventory:

Hand Weapons
 a - a +10 antimagic giant spiked club (weapon)
 T - the +3 giant spiked club "Zeklibad" {heavy, Dex+4}
   (Trog gifted it to you on level 15 of the Dungeon)

   Dex:       It affects your dexterity (+4).
 X - a +8 giant spiked club of flaming
Missiles
 R - a throwing net {=f}
Armour
 b - a +2 cloak of preservation (worn)
 d - a +2 hat of stealth (worn)
 i - +0 ice dragon scales
 x - the +9 shadow dragon scales "Oqibaymp" (worn) {*Corrode rPois Dex+7 Stlth++++}
   (You found it in a bailey)

   Dex:       It affects your dexterity (+7).
   rPois:     It protects you from poison.
   *Corrode:  It may corrode you when you take damage.
   Stlth:     It makes you much more stealthy.
 y - a +1 cloak of willpower
Jewellery
 e - a +5 ring of evasion
 f - an amulet of regeneration
 g - the ring "Nuotwo" {rCorr Str+6}
   (You found it on level 1 of the Elven Halls)

   [ring of strength]

   Str:       It affects your strength (+6).
   rCorr:     It protects you from acid and corrosion.
 l - the ring of Sawetieqi (right claw) {rN+ Will+ SInv Stlth-}
   (You found it in the Desolation of Salt)

   [ring of positive energy]

   rN:        It protects you from negative energy.
   SInv:      It lets you see invisible.
   Will:      It increases your willpower.
   Stlth:     It makes you less stealthy.
 u - the amulet "Zuso Omn" (around neck) {rElec rF+++ Regen+ Int-2}
   (You bought it in a shop on level 1 of the Vaults)

   [amulet of regeneration]

   Int:       It affects your intelligence (-2).
   rF:        It renders you almost immune to fire.
   rElec:     It insulates you from electricity.
   Regen:     It increases your rate of health regeneration.
 B - an amulet of reflection
 E - a +5 ring of evasion (left claw)
 F - a ring of protection from fire
 L - a ring of flight
 P - a ring of poison resistance
 Y - a +4 ring of slaying
Wands
 p - a wand of acid (20)
 s - a wand of flame (64)
 H - a wand of polymorph (4)
 I - a wand of digging (31)
 J - a wand of charming (24)
 K - a wand of mindburst (9)
 Q - a wand of roots (50)
Scrolls
 j - 8 scrolls of magic mapping
 A - 26 scrolls of identify {@r1}
 D - 11 scrolls of fog
 G - a scroll of fear
 O - 4 scrolls of enchant armour
 S - a scroll of enchant weapon
 W - a scroll of butterflies
Potions
 c - 6 potions of might
 m - 5 potions of ambrosia
 n - 6 potions of mutation
 o - 7 potions of curing {@q1}
 q - 4 potions of flight
 r - 6 potions of berserk rage {!q}
 v - 5 potions of haste {@q3}
 z - 7 potions of resistance
 M - 2 potions of invisibility
Miscellaneous
 k - a box of beasts
 t - a phantom mirror
 w - a lightning rod (4/4)
 C - a phial of floods
 N - a condenser vane (inert)

Dungeon Overview and Level Annotations

Branches:
Dungeon (15/15)            Temple (0/1) D:4            Lair (5/5) D:11
  Swamp (4/4) Lair:3       Spider (4/4) Lair:3        Slime (0/5) Lair:5
    Orc (2/2) D:12            Elf (3/3) Orc:2        Vaults (5/5) D:13
  Crypt (0/3) Vaults:2     Depths (4/4) D:15         Bailey (visited)
Desolation (visited)
    Zot: Depths:4

Altars:
Ashenzari
Gozag
Kikubaaqudgha
Nemelex Xobeh
Okawaru
Ru
Sif Muna
Trog
Uskayaw
Vehumet
Xom
The Shining One
Jiyva

Shops:
D:5 (   D:6 :((   D:11 *   Orc:2 !([=   Elf:1 ::(   Vaults:1 =   Depths:2 ?

Portals:
Hell: Depths:1 Depths:2 Depths:3
Abyss: Depths:3
Pandemonium: Depths:1 Depths:2
Ziggurat: Depths:3
Trove: D:11 (give +3 storm dragon scales)

Annotations:
D:5 3 runed translucent doors, asti's ghost, amateur MiFi
D:15 2 transporters, Nol Upoh's ghost, journeyman GrFi
Spider:4 1 runed translucent door, LustLizard's ghost, adept DEAE
Elf:2 2 runed translucent doors
Elf:3 1 runed translucent door, juan097's ghost, veteran SpEn
Vaults:4 2 transporters, exclusion: obsidian statue
Vaults:5 Jory
Depths:1 exclusion: 2 orange crystal statues

).)...▓▓..▓
▓▓...▓▓...▓
▓.........▓
...▓.)....▓ ▓▓
..▓▓▓....▓▓ ▓p▓
.▓▓.▓▓.).▓▓ ▓.▓
▓▓.).▓▓)..▓ ▓e▓
▓.....▓▓).▓ ▓▓p▓▓
▓▓........▓....▓@▓.▓
.▓▓......▓▓....▓▓V▓▓
..▓▓.p9.▓▓▓....▓)▓u▓
...▓)).▓▓ ▓....▓▓c▓▓
▓..))D▓▓. ▓....▓u▓.▓▓
▓▓..p▓▓...▓....▓▓)▓.▓
▓▓..T..c.▓....▓.▓p▓.▓
▓▓.....VCc..g...▓.▓.▓
▓▓▓▓▓▓.Dcp.L..▓▓▓▓▓▓


You could see Jory (corroded, magic disrupted), a purple very ugly thing
(corroded), a vault warden, a vault guard and a deep elf high priest.


Message History

Jory is almost destroyed.
The bolt of acid misses the purple very ugly thing.
The vault warden barely misses you.
Jory falters for a moment.
The vault warden barely misses you. Jory hits you with a +2 great sword!!
* * * LOW HITPOINT WARNING * * *
Jory bites you but does no damage.
Aiming: Corrosive Bolt
Press: ? - help, Shift-Dir - straight line, f/p - Jory
Aim: Jory, wielding a +2 great sword and wearing a +0 plate armour of willpower (almost destroyed, covered in acid, magic disrupted, 67% to hit)
The bolt of acid misses Jory.
The bolt of acid misses the purple very ugly thing.
You hear a shout!
You hear a horrible gurgling sound!
Jory falters for a moment.
The vault warden hits you with a +3 great mace!
* * * LOW HITPOINT WARNING * * *
You hear a horrible gurgling sound!
Aiming: Corrosive Bolt
Press: ? - help, Shift-Dir - straight line, f/p - Jory
Aim: Jory, wielding a +2 great sword and wearing a +0 plate armour of willpower (almost destroyed, covered in acid, magic disrupted, 67% to hit)
The bolt of acid misses Jory.
The bolt of acid hits the purple very ugly thing!!
The acid corrodes the purple very ugly thing!
The purple very ugly thing is moderately wounded.
You are no longer corroded.
The vault warden completely misses you.
Jory falters for a moment.
The deep elf high priest performs a strange gesture.
The vault warden hits you with a +3 great mace!
* * * LOW HITPOINT WARNING * * *
Jory hits you with a +2 great sword!
You die...

Skill      XL: |  1  2  3  4  5  6  7  8  9 10 11 12 13 14 15 16 17 18 19 20 21 22 23 |
---------------+----------------------------------------------------------------------+-----
Maces & Flails | 3 4 5 6 7 9 11 13 15 16 18 19 20 21 22 | 22.0
Armour         | 5 7 8 10 11 12 14 16 18 | 18.1
Fighting       | 4 6 8 9 11 12 14 16 17 19 20 21 | 21.0
Dodging        | 4 7 10 13 | 13.0
Evocations     | 4 6 |  6.6

Action                     |  1- 3 |  4- 6 |  7- 9 | 10-12 | 13-15 | 16-18 | 19-21 | 22-24 || total
---------------------------+-------+-------+-------+-------+-------+-------+-------+-------++-------
  Melee: Mace              |    72 |   185 |   149 |       |       |       |       |       ||   406
         Punch             |     2 |     1 |     2 |     3 |       |       |       |       ||     8
         Morningstar       |       |       |   166 |   146 |       |       |       |       ||   312
         Giant spiked club |       |       |       |   436 |   783 |  1230 |  1576 |   719 ||  4744
 Invoke: Berserk           |     1 |     3 |     5 |     2 |     5 |     6 |     4 |     2 ||    28
         Trog's Hand       |       |       |       |     2 |     3 |     3 |    11 |     4 ||    23
         Brothers in Arms  |       |       |       |       |     2 |     3 |     6 |     3 ||    14
  Evoke: Wand              |       |       |     4 |     5 |     5 |     1 |       |     4 ||    19
         Condenser vane    |       |       |       |       |     2 |     5 |       |     2 ||     9
         Phantom mirror    |       |       |       |       |     1 |     1 |       |       ||     2
    Use: Scroll            |       |    10 |     3 |    11 |    12 |     9 |    15 |    13 ||    73
         Potion            |       |     1 |     1 |     3 |    12 |     8 |    11 |     6 ||    42
   Stab: Paralysed         |       |     1 |       |       |       |       |       |       ||     1
         Distracted        |       |       |     1 |       |     2 |     5 |     5 |     2 ||    15
         Betrayed ally     |       |       |     1 |       |       |       |       |       ||     1
         Sleeping          |       |       |       |     3 |     7 |    11 |    13 |     2 ||    36
         Confused          |       |       |       |       |     1 |     1 |       |       ||     2
 Armour: Animal skin       |    25 |    54 |    55 |    12 |       |       |       |       ||   146
         Troll leather arm |       |       |       |    32 |       |       |       |       ||    32
         Shadow dragon sca |       |       |       |   173 |   492 |   670 |   815 |   353 ||  2503
  Dodge: Dodged            |    42 |   174 |   296 |   605 |   727 |  1213 |  1472 |   497 ||  5026

Levels and vault maps discovered:
D:1:      psy_arrival_terrarium, layout_basic, minmay_curled_crystal,
          st_stairs_2
D:2:      minmay_razor_zed, layout_rooms, minmay_tetromino_t2
D:3:      layout_rooms, nicolae_ru_great_annihilating_truth
D:4:      layout_basic, nicolae_uskayaw_en_pointe,
          minmay_temple_entry_glassed_door, grunt_decor_junction
D:5:      layout_cave_pools, serial_column_ruins, column_ruins_hut_pillars,
          column_ruins_grid_1, column_ruins_corridor_corner,
          column_ruins_open_tiny, column_ruins_open_medium,
          column_ruins_open_medium, column_ruins_grid_3, serial_shops,
          nicolae_shop_trees, gammafunk_ghost_icy
D:6:      layout_basic, general_overflow_altar, lemuel_blue_sif_altar,
          serial_shops, shop_fountains, shop, shop, uniq_grinder, uniq_duvessa,
          uniq_sigmund
D:7:      nzn_winding_woodlands_three_and_one
          [nzn_winding_woodlands_5x15_crooked,
          nzn_winding_woodlands_5x15_split_checker,
          nzn_winding_woodlands_5x15_eye,
          nzn_winding_woodlands_center_pierced_h], layout_cave_pods,
          nemelex_diamond_rough_becter, kennysheep_decorative_pillar
D:8:      layout_loops_cross, grunt_temple_overflow_open,
          kennysheep_generic_room_13
D:9:      layout_cave_pods, enter_bailey_5, serial_ice, serial_ice_o,
          serial_ice_k, serial_ice_f, serial_ice_d, serial_ice_g, serial_ice_b,
          serial_ice_e, serial_ice_a
D:10:     layout_basic, grunt_temple_overflow_bloody_war,
          mainiacjoe_overflow_chevrons, minmay_strange_pillars
D:11:     layout_basic, dpeg_oklobed_lair, enter_trove_6, nicolae_stop_n_shop_2,
          hangedman_abyss_or_decor_clamps, kennysheep_nub, lemuel_another_geyser
D:12:     layout_irregular_city, minmay_orc_entry_temple_small
D:13:     minmay_heptahexagon, layout_loops_ring, uniq_sonja, uniq_jorgrun
D:14:     layout_loops_ring, chequers_decorated_corner
D:15:     grunt_enter_depths_hoard, layout_long_grid, gammafunk_ghost_mausoleum
Lair:1:   layout_layer_cave, nicolae_lair_lil_pond, uniq_gastronok, uniq_erica,
          uniq_amaemon
Lair:2:   beargit_carnivore_pack, layout_long_grid, serial_bayou_shore_b
Lair:3:   layout_cave_pods, skrybe_swamp_entry_bodies,
          nicolae_spider_entry_tight_spaces, grunt_megastairs_4, uniq_rupert
Lair:4:   layout_cave_pods, basic_altar
Lair:5:   gammafunk_lair_ancient_temple, layout_regular_city,
          minmay_slime_entry_pillars, serial_bayou_lake_a, uniq_josephine
Swamp:1:  layout_basic_swamp, gammafunk_ghost_cemetery,
          nicolae_swamp_decorative_isthmus
Swamp:2:  layout_falls_marsh, evilmike_swamp_ruin_rubble_1,
          infiniplex_staircase_pool
Swamp:3:  layout_basic_swamp, evilmike_swamp_ruin_rubble_2,
          nicolae_swamp_triple_paths
Swamp:4:  nzn_swamp_witches_coven, layout_basic_swamp
Spider:1: layout_cave_pods, drop_trap, nicolae_spider_rock_and_or_roll,
          uniq_frances
Spider:2: layout_chambers
Spider:3: cheibrodos_spider_silkery, uniq_arachne, uniq_donald, uniq_mlioglotl,
          uniq_aizul
Spider:4: grunt_spider_rune_island, ebering_ghost_xom
Orc:1:    layout_diamond_mine
Orc:2:    st_orc_ogre_mass, layout_caves
Elf:1:    eino_elf_arrival_the_gate, layout_loops_corners, basic_altar,
          gammafunk_ghost_berserking_beasts, minmay_shop_star
Elf:2:    nicolae_elf_blades_splatter_lattice
          [nicolae_blade_entry_splitting_headache], layout_rooms,
          lemuel_flamethrower_1
Elf:3:    grunt_elf_hall_asides, layout_rooms, hellmonk_ghost_big_iron
Vaults:1: ontoclasm_vaults_pinch, nicolae_vaults_three_branches,
          nicolae_vaults_hallways_thing, vaults_standard_mumra_lines,
          v_pattern_1, serial_ice_m, v_misc_19, v_misc_22, v_misc_24, v_misc_22,
          vaults_room_hallway, ontoclasm_vaults_bender, layout_vaults_omnibox,
          serial_shops, shop
Vaults:2: minmay_crypt_entry_simple_plaza, hangedman_vaults_stagger,
          hangedman_vaults_restitches, v_misc_5, hangedman_vaults_stream,
          nicolae_vaults_little_squares_1, vaults_dpeg_ring,
          nicolae_vaults_display_case, vaults_dpeg_emergency_exit,
          dpeg_vaults_monster_box, layout_vaults_chaotic_city, uniq_asterion
Vaults:3: gammafunk_ghost_cemetery, v_rooms_1, vaults_room_fancy_cross,
          grunt_vaults_funnel, vaults_dpeg_cross, nicolae_vaults_circle_grid_a,
          v_misc_10, nicolae_vaults_little_squares_4, grunt_vaults_bifocal,
          nicolae_vaults_mini_display_case, nicolae_vaults_network_star,
          nicolae_vaults_ring_of_whatevers, ontoclasm_vaults_decontamination,
          layout_vaults_ring
Vaults:4: portal_desolation_entry_twin_temple, gammafunk_sealed_arena,
          nicolae_vaults_yaktaur_gun_rack, nicolae_vaults_theta,
          ontoclasm_vaults_hangar, vaults_mumra_minichess,
          vaults_room_semicircle, grunt_vaults_focal, vaults_room_pool,
          vaults_dpeg_encased_lava, hangedman_vaults_maws, vaults_dpeg_diagonal,
          ontoclasm_vaults_idyll, v_misc_9, layout_vaults_big_cross
Vaults:5: uniq_jory, uniq_bai_suzhen
Depths:1: layout_gridlike, hell_entry, rand_demon_pan_entry_7,
          nicolae_concentric_dashed_squares_wild, grunt_ministairs_9,
          minmay_tree_intersection, minivault_16, minmay_protected_statue,
          serial_bayou_shore_b, uniq_saint_roka
Depths:2: minmay_textured_paths, layout_basic, grunt_metal_band,
          grunt_pan_entry_in_and_out, serial_bayou_lagoon_a,
          nicolae_nh_oracle_at_delphi, uniq_nikola, uniq_josephina
Depths:3: grunt_arcs, layout_basic, enter_ziggurat_d, hell_entry,
          minmay_misc_feat_pillars, hangedman_abyss_entry_splay,
          ashenzari_conservatory_becter, serial_bayou_shore_b
Depths:4: grunt_zot_entry_pinwheel, layout_honeycomb, hell_entry,
          grunt_decor_fettered

Notes
Turn   | Place    | Note
-------+----------+-------------------------------------------
     0 | D:1      | demibob the Troll Berserker began the quest for the Orb.
     0 | D:1      | Reached XP level 1. HP: 22/22 MP: 0/0
    32 | D:1      | Reached skill level 3 in Maces & Flails
    83 | D:1      | Reached XP level 2. HP: 29/29 MP: 1/1
   652 | D:2      | Reached ** piety under Trog
   689 | D:2      | Reached XP level 3. HP: 31/36 MP: 2/2
   783 | D:2      | Reached skill level 4 in Maces & Flails
   868 | D:2      | Noticed a scorpion
   874 | D:2      | Killed a scorpion
   875 | D:2      | Reached XP level 4. HP: 44/44 MP: 3/3
  1009 | D:2      | Reached skill level 5 in Maces & Flails
  1366 | D:3      | Reached XP level 5. HP: 48/50 MP: 4/4
  1643 | D:3      | Reached skill level 6 in Maces & Flails
  1700 | D:3      | Found a sacrificial altar of Ru.
  1829 | D:4      | Reached XP level 6. HP: 53/59 MP: 5/5
  1892 | D:4      | HP: 5/59 [ogre/+0 giant club (35)]
  2017 | D:4      | Reached *** piety under Trog
  2039 | D:4      | Reached skill level 7 in Maces & Flails
  2121 | D:4      | Reached XP level 7. HP: 51/66 MP: 6/6
  2461 | D:4      | Noticed a +0 dagger
  2462 | D:4      | Noticed a +0 falchion
  2462 | D:4      | Noticed a +0 dagger
  2463 | D:4      | Noticed a +0 falchion
  2463 | D:4      | Noticed a +0 short sword
  2463 | D:4      | Noticed a +0 short sword
  2463 | D:4      | Noticed a +0 spear
  2464 | D:4      | Noticed a +0 spear
  2476 | D:4      | Found a hide-covered altar of Uskayaw.
  2491 | D:4      | Found a staircase to the Ecumenical Temple.
  2651 | D:5      | Entered Level 5 of the Dungeon
  2675 | D:5      | Reached skill level 8 in Maces & Flails
  2920 | D:5      | Found Tufry's Antique Weapon Boutique.
  3120 | D:5      | Found a runed translucent gate.
  3121 | D:5      | Found a runed translucent gate.
  3121 | D:5      | Found a runed translucent gate.
  3232 | D:5      | Noticed asti's ghost (amateur MiFi)
  3393 | D:6      | Identified the amulet "Qiel" {RegenMP rC- rN++ Dex+4}
  3436 | D:6      | Reached skill level 9 in Maces & Flails
  3436 | D:6      | Reached XP level 8. HP: 74/74 MP: 7/7
  3492 | D:6      | Noticed Sigmund
  3500 | D:6      | Killed Sigmund
  3731 | D:6      | Reached skill level 10 in Maces & Flails
  3756 | D:6      | Found Mujualen's Antique Weapon Shop.
  3813 | D:6      | Found Wiwoseam's Weapon Emporium.
  3821 | D:6      | Bought a +2 morningstar of protection for 184 gold pieces
  3843 | D:6      | Noticed Duvessa
  3843 | D:6      | Noticed Dowan
  3848 | D:6      | Killed Duvessa
  3852 | D:6      | Killed Dowan
  3924 | D:6      | Reached **** piety under Trog
  3936 | D:6      | Found an opulent altar of Gozag.
  3958 | D:6      | Reached skill level 11 in Maces & Flails
  4042 | D:6      | Found Haze's Book Shoppe.
  4084 | D:6      | Noticed Grinder
  4092 | D:6      | Killed Grinder
  4093 | D:6      | Reached XP level 9. HP: 80/80 MP: 8/8
  4105 | D:6      | Found a shimmering blue altar of Sif Muna.
  4593 | D:7      | Reached skill level 12 in Maces & Flails
  4929 | D:7      | Found a sparkling altar of Nemelex Xobeh.
  5095 | D:7      | Noticed a manticore
  5095 | D:7      | Noticed a troll
  5111 | D:7      | Killed a troll
  5112 | D:7      | Reached skill level 13 in Maces & Flails
  5145 | D:7      | Reached XP level 10. HP: 88/88 MP: 9/9
  5168 | D:7      | Killed a manticore
  5181 | D:7      | Reached skill level 14 in Maces & Flails
  5497 | D:8      | Reached ***** piety under Trog
  5569 | D:8      | Identified the +0 plate armour of the Ten Beasts {Will++}
  5702 | D:8      | Identified the +1 dagger "Qepleje" {heavy, rElec Will+
                  | Int+2 Dex-3}
  5709 | D:8      | Received a gift from Trog
  5885 | D:8      | Found a radiant altar of Vehumet.
  5886 | D:8      | Found a glowing golden altar of the Shining One.
  5890 | D:8      | Found an ancient bone altar of Kikubaaqudgha.
  6271 | D:9      | Reached skill level 15 in Maces & Flails
  6306 | D:9      | Found a flagged portal.
  6334 | Bailey   | Entered a bailey
  6476 | Bailey   | Noticed an orc knight
  6476 | Bailey   | Noticed an orc knight
  6506 | Bailey   | Killed an orc knight
  6507 | Bailey   | Reached XP level 11. HP: 59/94 MP: 10/10
  6538 | Bailey   | Killed an orc knight
  6563 | Bailey   | Identified the +9 shadow dragon scales "Oqibaymp" {*Corrode
                  | rPois Dex+7 Stlth++++}
  6794 | D:9      | Reached skill level 1 in Armour
  6830 | D:9      | Received a gift from Trog
  6838 | D:9      | Noticed a two-headed ogre
  6845 | D:9      | Killed a two-headed ogre
  6846 | D:9      | Reached skill level 16 in Maces & Flails
  6846 | D:9      | Reached skill level 2 in Armour
  7362 | D:9      | Reached skill level 3 in Armour
  7556 | D:10     | Entered Level 10 of the Dungeon
  7719 | D:10     | Found an iron altar of Okawaru.
  7719 | D:10     | Found a bloodstained altar of Trog.
  7740 | D:10     | Found a broken altar of Ashenzari.
  7903 | D:10     | Reached skill level 4 in Armour
  8427 | D:11     | Found Kuruywe's Assorted Antiques.
  8428 | D:11     | Noticed a boulder beetle
  8449 | D:11     | Killed a boulder beetle
  8611 | D:11     | Noticed a two-headed ogre
  8617 | D:11     | Killed a two-headed ogre
  8618 | D:11     | Reached skill level 5 in Armour
  8719 | D:11     | Found a staircase to the Lair.
  8719 | D:11     | Noticed an oklob plant
  8723 | D:11     | Killed an oklob plant
  8739 | D:11     | Identified the +0 helmet of the Bouncing Orbs {+Blink Fly
                  | Str+3 Int+4}
  8749 | D:11     | Received a gift from Trog
  9032 | D:11     | Noticed a two-headed ogre
  9038 | D:11     | Killed a two-headed ogre
  9039 | D:11     | Reached XP level 12. HP: 104/104 MP: 11/11
  9534 | D:11     | Found a portal to a secret trove of treasure.
  9595 | Lair:1   | Entered Level 1 of the Lair of Beasts
  9595 | Lair:1   | Noticed Erica
  9598 | Lair:1   | Killed Erica
  9614 | Lair:1   | Noticed Gastronok
  9745 | Lair:1   | Killed Gastronok
  9746 | Lair:1   | Reached skill level 17 in Maces & Flails
  9746 | Lair:1   | Reached skill level 6 in Armour
 10001 | Lair:1   | Noticed Amaemon
 10003 | Lair:1   | Reached skill level 3 in Fighting
 10027 | Lair:1   | Killed Amaemon
 10586 | Lair:2   | Reached skill level 7 in Armour
 10707 | Lair:2   | Reached skill level 4 in Fighting
 10725 | Lair:2   | Noticed Grum
 10730 | Lair:2   | Killed Grum
 10762 | Lair:2   | Identified the +5 dagger of the Wasp {freeze, Str-3 Dex+6}
 11437 | Lair:3   | Reached skill level 18 in Maces & Flails
 11437 | Lair:3   | Reached XP level 13. HP: 102/117 MP: 12/12
 11492 | Lair:3   | Received a gift from Trog
 11518 | Lair:3   | Reached skill level 5 in Fighting
 11643 | Lair:3   | Reached skill level 8 in Armour
 11744 | Lair:3   | Found a hole to the Spider Nest.
 11962 | Lair:3   | Found a staircase to the Swamp.
 12043 | Lair:3   | Noticed Rupert
 12048 | Lair:3   | Gained mutation: You are occasionally teleported next to
                  | monsters. [potion of mutation]
 12048 | Lair:3   | Gained mutation: You are robust. (+10% HP) [potion of
                  | mutation]
 12053 | Lair:3   | Paralysed by something for 3 turns
 12055 | Lair:3   | Killed Rupert
 12157 | Lair:3   | Lost mutation: You are occasionally teleported next to
                  | monsters. [potion of mutation]
 12157 | Lair:3   | Lost mutation: You are robust. (+10% HP) [potion of
                  | mutation]
 12157 | Lair:3   | Gained mutation: Your system is resistant to poisons.
                  | (rPois) [potion of mutation]
 12521 | Lair:3   | Reached skill level 6 in Fighting
 12576 | Lair:3   | Identified 3 potions of resistance
 12904 | Lair:4   | Found a shimmering altar of Xom.
 13053 | Lair:4   | Reached skill level 19 in Maces & Flails
 13159 | Lair:4   | Reached ****** piety under Trog
 13517 | Lair:5   | Entered Level 5 of the Lair of Beasts
 13537 | Lair:5   | Found a staircase to the Slime Pits.
 13537 | Lair:5   | Found a viscous altar of Jiyva.
 13666 | Lair:5   | Reached XP level 14. HP: 130/131 MP: 13/13
 13731 | Lair:5   | Reached skill level 9 in Armour
 13755 | Lair:5   | Received a gift from Trog
 13853 | Lair:5   | Reached skill level 7 in Fighting
 14014 | Lair:5   | Noticed Josephine
 14022 | Lair:5   | Killed Josephine
 14752 | D:12     | Found a staircase to the Orcish Mines.
 15304 | Orc:1    | Entered Level 1 of the Orcish Mines
 15410 | Orc:2    | Entered Level 2 of the Orcish Mines
 15416 | Orc:2    | Found a staircase to the Elven Halls.
 15536 | Orc:2    | Reached skill level 20 in Maces & Flails
 15558 | Orc:2    | Reached skill level 8 in Fighting
 15569 | Orc:2    | Reached skill level 10 in Armour
 15583 | Orc:2    | Received a gift from Trog
 15603 | Orc:2    | Reached XP level 15. HP: 143/143 MP: 14/14
 15746 | Orc:2    | Found Uhosax's Jewellery Emporium.
 15746 | Orc:2    | Found Joil's Antique Armour Boutique.
 15747 | Orc:2    | Found Gagh's Weapon Boutique.
 15747 | Orc:2    | Found Qaarur's Distillery.
 15756 | Orc:2    | Bought 2 potions of heal wounds for 140 gold pieces
 16193 | D:13     | Noticed Jorgrun
 16206 | D:13     | Killed Jorgrun
 16322 | D:13     | Noticed Sonja
 16337 | D:13     | Your ally Sonja died
 16372 | D:13     | Noticed a tengu reaver
 16567 | D:13     | Found a gate to the Vaults.
 16585 | D:13     | Noticed a frost giant
 16604 | D:13     | Killed a frost giant
 16851 | D:13     | Received a gift from Trog
 17028 | D:13     | Reached skill level 9 in Fighting
 17056 | D:13     | Killed a tengu reaver
 17063 | D:13     | HP: 1/146 [stone giant[the player character] (24)]
 17086 | D:13     | Reached skill level 21 in Maces & Flails
 17772 | D:14     | Reached skill level 11 in Armour
 18244 | D:15     | Entered Level 15 of the Dungeon
 18433 | D:15     | Identified the +3 giant spiked club "Zeklibad" {heavy,
                  | Dex+4} (Trog gifted it to you on level 15 of the Dungeon)
 18433 | D:15     | Received a gift from Trog
 18675 | D:15     | Found a transporter.
 18691 | D:15     | Noticed Nol Upoh's ghost (journeyman GrFi)
 18696 | D:15     | Found a transporter.
 18982 | D:15     | Found a staircase to the Depths.
 19139 | D:13     | Reached XP level 16. HP: 156/156 MP: 15/15
 19275 | Spider:1 | Entered Level 1 of the Spider Nest
 19552 | Spider:1 | You fall into a shaft and drop 1 floor!
 19853 | Spider:1 | Received a gift from Trog
 20115 | Spider:1 | Reached skill level 10 in Fighting
 20151 | Spider:1 | Noticed Frances
 20160 | Spider:1 | Killed Frances
 21291 | Spider:2 | Reached skill level 22 in Maces & Flails
 21758 | Spider:3 | Noticed Donald
 21770 | Spider:3 | Killed Donald
 21790 | Spider:3 | Reached skill level 12 in Armour
 21811 | Spider:3 | Reached skill level 3 in Dodging
 21860 | Spider:3 | Received a gift from Trog
 22156 | Spider:3 | Noticed Arachne
 22291 | Spider:3 | Killed Arachne
 22292 | Spider:3 | Reached skill level 4 in Dodging
 22302 | Spider:3 | Noticed Mlioglotl
 22449 | Spider:2 | Killed Mlioglotl
 22450 | Spider:2 | Reached skill level 11 in Fighting
 22572 | Spider:3 | Identified the +1 robe of Polish {+Inv Str+3}
 22615 | Spider:3 | Noticed Aizul
 22627 | Spider:3 | Killed Aizul
 22628 | Spider:3 | Reached XP level 17. HP: 170/170 MP: 16/16
 22829 | Spider:4 | Entered Level 4 of the Spider Nest
 22886 | Spider:4 | Identified the +5 quarterstaff of Conscience {flame, rC+++
                  | Int-4 Dex-2 SInv} (Trog gifted it to you on level 4 of the
                  | Spider Nest)
 22886 | Spider:4 | Received a gift from Trog
 22897 | Spider:4 | Reached skill level 5 in Dodging
 23484 | Spider:4 | Reached skill level 1 in Evocations
 23759 | Spider:3 | Reached skill level 2 in Evocations
 23792 | Spider:3 | Reached skill level 6 in Dodging
 23994 | Spider:4 | Reached skill level 3 in Evocations
 24036 | Spider:4 | Reached skill level 12 in Fighting
 24417 | Spider:4 | Got a gossamer rune of Zot
 24499 | Spider:4 | Found a runed translucent door.
 24500 | Spider:4 | Found a shimmering altar of Xom.
 24500 | Spider:4 | Noticed LustLizard's ghost (adept DEAE)
 24782 | Vaults:1 | Entered Level 1 of the Vaults
 24783 | Vaults:1 | Upgraded the game from 0.30-a0-1114-gd936c97349 to
                  | 0.30-a0-1116-gebefce21f7
 24917 | Vaults:1 | Received a gift from Trog
 25051 | Vaults:1 | Reached skill level 7 in Dodging
 25103 | Vaults:1 | Reached skill level 4 in Evocations
 25477 | Vaults:1 | Identified the +1 shortbow of Expedience {flame, rN+}
 25799 | Vaults:1 | Found Boyts's Jewellery Shop.
 25805 | Vaults:1 | Bought the amulet "Zuso Omn" {rElec rF+++ Regen+ Int-2} for
                  | 1421 gold pieces
 26116 | Vaults:2 | Reached XP level 18. HP: 184/184 MP: 17/17
 26234 | Vaults:2 | Noticed Asterion
 26247 | Vaults:2 | Killed Asterion
 26336 | Vaults:2 | Reached skill level 8 in Dodging
 26574 | Vaults:2 | Reached skill level 13 in Fighting
 27217 | Vaults:2 | Reached skill level 9 in Dodging
 27390 | Vaults:2 | Found a staircase to the Crypt.
 27579 | Vaults:3 | Received a gift from Trog
 28214 | Vaults:3 | Reached skill level 10 in Dodging
 28245 | Vaults:3 | Reached skill level 14 in Fighting
 28433 | Vaults:3 | Received a gift from Trog
 28463 | Vaults:3 | Identified the +10 plate armour "Xaufocko" {rC++}
 28558 | Vaults:3 | Found a runed translucent gate.
 28558 | Vaults:3 | Found a runed translucent gate.
 28558 | Vaults:3 | Found a runed translucent gate.
 28560 | Vaults:3 | Noticed Pooter's ghost (adept MiBe)
 28560 | Vaults:3 | Noticed NeonRainbow's ghost (adept FeAE)
 28854 | Vaults:3 | Killed Pooter's ghost
 28871 | Vaults:3 | Killed NeonRainbow's ghost
 28872 | Vaults:3 | Reached XP level 19. HP: 152/198 MP: 18/18
 28890 | Vaults:3 | Identified the +3 longbow "Ruewir" {heavy, Dex+3}
 28963 | Vaults:4 | Found a crumbling gateway.
 28984 | Desolati | Entered the Desolation of Salt
 29038 | Desolati | Reached skill level 11 in Dodging
 29066 | Desolati | Found the +12 glaive of Prune {freeze, Prune}
 29068 | Desolati | Identified the ring of Sawetieqi {rN+ Will+ SInv Stlth-}
 29075 | Desolati | Identified the +6 morningstar "Jexuo" {antimagic, *Noise
                  | rElec rCorr SInv}
 29360 | Desolati | Identified the ring of Zyeraxkaju {rElec rF+ Dex+3 Slay+3
                  | SInv}
 29360 | Desolati | Identified the ring "Egheco" {rF+ rN+ Str+3}
 29363 | Desolati | Identified the ring "Joadgh" {Wiz MP+9}
 29395 | Desolati | Reached skill level 15 in Fighting
 29402 | Desolati | Received a gift from Trog
 29547 | Desolati | Identified the ring "Saicw" {Dex+6 Slay+2}
 29753 | Vaults:4 | Reached skill level 12 in Dodging
 29854 | Vaults:4 | Found a transporter.
 29857 | Vaults:4 | Identified the +0 war axe "Liroary" {holy, rPois Will+++
                  | Str-4 Dex+2}
 29867 | Vaults:4 | Found a transporter.
 30037 | Vaults:4 | Identified the +6 arbalest of Hacking and Slashing {drain,
                  | Dex+3}
 30041 | Vaults:4 | Identified the +5 arbalest of Brawling {flame, rF+ Will+}
 30187 | Vaults:4 | Received a gift from Trog
 30934 | Swamp:1  | Entered Level 1 of the Swamp
 30982 | Swamp:1  | Found a runed translucent gate.
 30982 | Swamp:1  | Found a runed translucent gate.
 30982 | Swamp:1  | Found a runed translucent gate.
 30983 | Swamp:1  | Noticed lotum's ghost (journeyman TeAE)
 30984 | Swamp:1  | Noticed Strat's ghost (adept MiRe)
 31133 | Swamp:1  | Reached skill level 16 in Fighting
 31419 | Swamp:1  | Killed lotum's ghost
 31425 | Swamp:1  | Killed Strat's ghost
 31486 | Swamp:2  | Reached skill level 13 in Dodging
 31558 | Swamp:2  | Reached XP level 20. HP: 196/213 MP: 19/19
 31928 | Swamp:2  | Reached skill level 13 in Armour
 32843 | Swamp:4  | Entered Level 4 of the Swamp
 32956 | Swamp:4  | Received a gift from Trog
 33330 | Swamp:4  | Reached skill level 17 in Fighting
 33420 | Swamp:4  | Reached skill level 14 in Armour
 33500 | Swamp:4  | Got a decaying rune of Zot
 33568 | Swamp:4  | Received a gift from Trog
 34155 | Elf:1    | Entered Level 1 of the Elven Halls
 34184 | Elf:1    | Paralysed by an air elemental for 1 turns
 34278 | Elf:1    | Found a transporter.
 34288 | Elf:1    | Noticed freelancePsychic's ghost (journeyman DrWn)
 34555 | Elf:1    | Found Ichoisk's Book Emporium.
 34557 | Elf:1    | Found Moemism's Book Shoppe.
 34559 | Elf:1    | Found Ekalant's Antique Weapon Emporium.
 34576 | Elf:1    | Found a radiant altar of Vehumet.
 34797 | Elf:1    | Found a transporter.
 34800 | Elf:1    | Found the +8 demon blade "Leech" {evervamp, Harm Drain rN+}
 35041 | Elf:1    | Killed freelancePsychic's ghost
 35193 | Elf:1    | Identified the ring "Nuotwo" {rCorr Str+6}
 35251 | Elf:2    | Identified +0 pearl dragon scales
 35588 | Elf:2    | Found a runed translucent door.
 35613 | Elf:2    | Found a runed translucent door.
 35900 | Elf:3    | Entered Level 3 of the Elven Halls
 35934 | Elf:3    | Received a gift from Trog
 35969 | Elf:3    | Noticed juan097's ghost (veteran SpEn)
 35976 | Elf:3    | Found a runed translucent door.
 36205 | Elf:3    | Reached XP level 21. HP: 216/228 MP: 6/20
 36280 | Elf:3    | Identified the +7 dagger of Gloom {protect, Will++ Str+4
                  | Int-4}
 36286 | Elf:3    | You are cast into the Abyss!
 36286 | Abyss:3  | Cast into level 3 of the Abyss (a deep elf demonologist)
 36288 | Abyss:3  | Found a corrupted altar of Lugonu.
 36444 | Abyss:3  | Found a corrupted altar of Lugonu.
 36649 | Abyss:4  | Reached skill level 15 in Armour
 36728 | Abyss:4  | Reached skill level 18 in Fighting
 36749 | Elf:3    | You pass through the gate.
 36749 | Elf:3    | Escaped the Abyss
 37017 | Elf:3    | Received a gift from Trog
 37326 | Elf:3    | Identified the staff of conjuration "Ajip Foi" {Will+ Str-5
                  | Stlth+}
 37387 | Elf:3    | Identified the +3 scale mail of the Pits of Slime {Dex+2}
 37414 | Elf:3    | Identified the staff of air "Fiottaes" {rElec rF- rN+ SInv}
 37418 | Elf:3    | Identified the +4 shortbow "Vorghoh" {flame, *Corrode rN+
                  | Str+2 SInv}
 37841 | Depths:1 | Entered Level 1 of the Depths
 38148 | Depths:1 | Reached skill level 16 in Armour
 38197 | Depths:1 | Noticed Saint Roka
 38217 | Depths:1 | Killed Saint Roka
 38278 | Depths:1 | Found a one-way gate leading to the halls of Pandemonium.
 38330 | Depths:1 | Found a gateway to Hell.
 39067 | Depths:1 | Reached skill level 19 in Fighting
 39335 | Depths:1 | Lost mutation: Your system is resistant to poisons. (rPois)
                  | [potion of mutation]
 39335 | Depths:1 | Gained mutation: Your body sometimes deteriorates upon
                  | taking damage. [potion of mutation]
 39335 | Depths:1 | Gained mutation: Your system is resistant to poisons.
                  | (rPois) [potion of mutation]
 39335 | Depths:1 | Gained mutation: You are resistant to electric shocks.
                  | (rElec) [potion of mutation]
 39336 | Depths:1 | Lost mutation: Your body sometimes deteriorates upon taking
                  | damage. [potion of mutation]
 39336 | Depths:1 | Lost mutation: Your system is resistant to poisons. (rPois)
                  | [potion of mutation]
 39336 | Depths:1 | Gained mutation: Your spells are a little easier to cast,
                  | but a little less powerful. [potion of mutation]
 39337 | Depths:1 | Lost mutation: Your spells are a little easier to cast, but
                  | a little less powerful. [potion of mutation]
 39337 | Depths:1 | Lost mutation: You are resistant to electric shocks.
                  | (rElec) [potion of mutation]
 39337 | Depths:1 | Gained mutation: Your body sometimes deteriorates upon
                  | taking damage. [potion of mutation]
 39338 | Depths:1 | Lost mutation: Your body sometimes deteriorates upon taking
                  | damage. [potion of mutation]
 39338 | Depths:1 | Gained mutation: You are somewhat resistant to further
                  | mutation. [potion of mutation]
 39338 | Depths:1 | Gained mutation: Your flesh is heat resistant. (rF+)
                  | [potion of mutation]
 39384 | Depths:2 | Noticed Margery
 39408 | Depths:2 | Killed Margery
 39589 | Depths:2 | Noticed a caustic shrike
 39606 | Depths:2 | Killed a caustic shrike
 39611 | Depths:2 | Reached XP level 22. HP: 136/243 MP: 7/21
 39676 | Depths:2 | Noticed a juggernaut
 39846 | Depths:2 | Noticed Nikola
 40065 | Depths:2 | Killed Nikola
 40150 | Depths:2 | Received a gift from Trog
 40300 | Depths:2 | Found The Oracle's Delphic Readings.
 40304 | Depths:2 | Bought a scroll of teleportation for 36 gold pieces
 40304 | Depths:2 | Bought a scroll of enchant weapon for 90 gold pieces
 40371 | Depths:2 | Killed a juggernaut
 40957 | Depths:3 | Reached skill level 17 in Armour
 41059 | Depths:3 | Identified the +0 robe "Ramyiwan" {Drain rPois rF+ rCorr}
 41189 | Depths:3 | Noticed a caustic shrike
 41189 | Depths:3 | Noticed a caustic shrike
 41289 | Depths:3 | Noticed a caustic shrike
 41330 | Depths:3 | Received a gift from Trog
 41424 | Depths:3 | Found a one-way gateway to a ziggurat.
 41509 | Depths:3 | Paralysed by a floating eye for 3 turns
 41993 | Depths:3 | Reached skill level 20 in Fighting
 42093 | Depths:3 | Paralysed by a floating eye for 4 turns
 42196 | Depths:3 | Killed a caustic shrike
 42202 | Depths:3 | Killed a caustic shrike
 42211 | Depths:3 | Killed a caustic shrike
 42234 | Depths:3 | Found a one-way gate to the infinite horrors of the Abyss.
 42358 | Depths:3 | Found a broken altar of Ashenzari.
 42480 | Depths:4 | Entered Level 4 of the Depths
 42757 | Vaults:5 | Entered Level 5 of the Vaults
 42757 | Vaults:5 | Noticed a golden dragon
 42759 | Vaults:5 | Noticed Bai Suzhen
 42778 | Vaults:5 | Noticed an ancient lich
 42793 | Vaults:4 | Killed Bai Suzhen
 42795 | Vaults:4 | Killed a golden dragon
 43028 | Vaults:5 | Identified the +0 leather armour of the Worm {+Blink Int+3}
 43033 | Vaults:5 | Identified the staff of death "Gohuaco" {rElec rC+ rN+
                  | Str-4 Int+7}
 43071 | Vaults:5 | Reached skill level 18 in Armour
 43147 | Vaults:5 | Noticed an ancient lich
 43165 | Vaults:5 | Killed an ancient lich
 43165 | Vaults:5 | Received a gift from Trog
 43172 | Vaults:5 | Reached XP level 23. HP: 245/257 MP: 7/22
 43335 | Vaults:5 | Identified a scroll of acquirement
 43390 | Vaults:5 | Acquired a manual of Evocations
 43432 | Vaults:5 | Reached skill level 5 in Evocations
 43446 | Vaults:5 | Noticed an ancient lich
 43446 | Vaults:5 | Noticed Jory
 43446 | Vaults:5 | Identified the staff of cold "Gavuri" {rC+ Str+3 Dex+4}
 43457 | Vaults:5 | Killed an ancient lich
 43496 | Vaults:5 | Reached skill level 21 in Fighting
 43496 | Vaults:5 | Reached skill level 6 in Evocations
 43506 | Vaults:5 | Identified the +10 spear "Liuxketz" {heavy, +Blink}
 43553 | Vaults:5 | HP: 19/260 [vault warden/+3 great mace (28)]
 43557 | Vaults:5 | HP: 9/260 [vault warden/+3 great mace (7)]
 43558 | Vaults:5 | Slain by Jory

Vanquished Creatures
  2 ancient liches (Vaults:5)
  A juggernaut (Depths:2)
  Bai Suzhen (Vaults:4)
  Margery (Depths:2)
  Saint Roka (Depths:1)
  4 caustic shrikes
  The ghost of Pooter the Warrior, an adept MiBe of Trog (Vaults:3)
  Nikola (Depths:2)
  A golden dragon (Vaults:4)
  Arachne (Spider:3)
  4 tentacled monstrosities
  Jorgrun (D:13)
  Rupert (Lair:3)
  A walking crystal tome (Depths:3)
  Mlioglotl (Spider:2)
  Asterion (Vaults:2)
  2 deep elf blademasters (Elf:2)
  4 liches
  3 titans
  A quicksilver dragon (Vaults:5)
  The ghost of Strat the Warrior, an adept MiRe of Uskayaw (Swamp:1)
  A quicksilver dragon (shapeshifter) (Elf:1)
  2 deep elf master archers (Elf:2)
  Gastronok (Lair:1)
  6 tentacled starspawn
  Frances (Spider:1)
  4 sphinxes
  3 tengu reavers
  3 storm dragons
  A thorn hunter (Swamp:2)
  3 fenstrider witches (Swamp:4)
  5 shadow dragons
  Donald (Spider:3)
  The ghost of freelancePsychic the Warrior, a journeyman DrWn of Fedhas (Elf:1)
  4 fire giants
  An iron dragon (Depths:3)
  2 imperial myrmidons (Desolation)
  5 deep elf sorcerers
  2 emperor scorpions (Spider:4)
  10 vault wardens
  9 frost giants
  4 ghost moths
  3 deep elf elementalists (Elf:3)
  An orc warlord (Vaults:2)
  A ghoul (Swamp:4)
  Aizul (Spider:3)
  11 stone giants
  6 ironbound thunderhulks
  A quicksilver ooze (shapeshifter) (Depths:2)
  12 ironbound preservers
  A reaper (Swamp:4)
  2 spriggan defenders (Depths:3)
  3 war gargoyles
  6 eleionomae
  20 very ugly things
  A broodmother (Spider:4)
  7 deep elf demonologists
  A bunyip (shapeshifter) (Elf:1)
  9 deep elf annihilators
  3 bunyips
  11 dire elephants
  A spark wasp (shapeshifter) (Vaults:5)
  6 spark wasps
  2 halazid warlocks (Desolation)
  3 blizzard demons
  4 ettins
  An ettin (shapeshifter) (Depths:3)
  A green death (Abyss:4)
  A crystal guardian (Desolation)
  3 fire dragons
  8 deep elf death magi
  A deep elf high priest (Elf:2)
  12 entropy weavers
  Josephine (Lair:5)
  13 yaktaur captains
  3 ragged hierophants (Desolation)
  7 servants of whispers (Desolation)
  4 great orbs of eyes
  12 hydras
  6 ice dragons
  2 ghost crabs
  3 shambling mangroves (Swamp:4)
  2 rakshasas
  6 radroaches
  9 spriggan air magi
  22 vault guards
  11 peacekeepers
  4 ogre magi (Orc:2)
  4 jorogumos
  17 two-headed ogres
  17 alligators
  Erica (Lair:1)
  9 centaur warriors
  15 dancing weapons
  A merfolk avatar (Lair:5)
  8 ironbound frosthearts
  9 boulder beetles
  7 death yaks
  A hell hog (Abyss:4)
  3 deep troll earth magi
  A vampire mage (Depths:3)
  2 thrashing horrors (Abyss:4)
  9 spriggan berserkers
  9 hell knights
  A sun demon (Depths:1)
  3 tengu warriors
  4 deep elf knights
  A wretched star (Abyss:4)
  Amaemon (Lair:1)
  A soul eater (Swamp:4)
  4 skeletal warriors (D:15)
  3 skysharks (Lair:5)
  4 sun moths
  8 goliath frogs
  11 pharaoh ants
  4 large abominations
  A death drake (Swamp:2)
  2 iron trolls (Vaults:5)
  2 sixfirhies
  44 deep trolls
  15 orb spiders
  7 spriggan druids
  A swamp dragon (shapeshifter) (Elf:1)
  6 swamp dragons
  4 bog bodies
  4 deep elf archers (Elf:3)
  2 glowing orange brains
  13 wizards
  8 orc knights
  11 ironbound convokers
  3 harpies (Vaults:4)
  8 starcursed masses (Abyss:3)
  A lindwurm (shapeshifter) (Depths:3)
  A phantasmal warrior (Vaults:5)
  7 lindwurms
  19 deep elf pyromancers
  6 steelbarb worms
  5 necromancers
  A shining eye (shapeshifter) (Vaults:5)
  A fire giant zombie (Depths:3)
  An oklob plant (D:11)
  17 deep elf zephyrmancers
  21 wolf spiders
  7 manticores
  5 will-o-the-wisps
  2 orc sorcerers
  24 ugly things
  7 cyclopes
  A frost giant skeleton (Depths:3)
  3 guardian serpents (Desolation)
  4 rust devils
  12 elephants
  5 black mambas
  16 vault sentinels
  6 demonic crawlers
  An elephant (shapeshifter) (D:15)
  5 moths of wrath
  4 smoke demons
  3 molten gargoyles (Desolation)
  6 orange demons
  13 cane toads
  7 gargoyles
  5 torpor snails
  2 unseen horrors
  29 yaktaurs
  An unseen horror (shapeshifter) (D:14)
  2 kobold demonologists
  A rime drake (Lair:5)
  A tormentor (Abyss:3)
  10 komodo dragons
  A komodo dragon (shapeshifter) (Elf:1)
  An ice devil (Depths:2)
  2 tengu conjurers
  7 freezing wraiths
  An ancient zyme (Abyss:4)
  3 hellwings
  5 tyrant leeches
  6 polar bears
  13 trolls
  8 meliai
  42 saltlings (Desolation)
  Grinder (D:6)
  15 hornets
  A blink frog (shapeshifter) (D:13)
  A tarantella (shapeshifter) (Elf:1)
  A snapping turtle (Lair:5)
  8 dream sheep
  29 tarantellas
  A raiju (shapeshifter) (Depths:3)
  42 slime creatures
  8 blink frogs
  A jumping spider (shapeshifter) (Elf:1)
  23 jumping spiders
  2 slime creatures (shapeshifter)
  19 culicivoras
  Sigmund (D:6)
  20 spriggans
  An air elemental (Elf:1)
  4 flying skulls (Abyss:3)
  2 shadows
  4 water elementals
  3 vampires
  9 wraiths
  A yak (shapeshifter) (D:13)
  A ynoxinul (Depths:2)
  28 yaks
  A fire bat (shapeshifter) (Abyss:3)
  A fire elemental (Elf:3)
  4 wyverns
  7 basilisks
  3 unseen horror simulacra (D:9)
  46 redbacks
  A chaos spawn (Depths:1)
  4 neqoxecs
  Grum (Lair:2)
  16 vampire mosquitoes
  3 steam dragons
  2 wargs (Depths:1)
  An acid dragon (shapeshifter) (Elf:1)
  16 swamp worms
  4 acid dragons
  14 water moccasins
  Duvessa (D:6)
  4 ice beasts
  A swamp drake (Swamp:1)
  3 floating eyes (Depths:3)
  A glowing shapeshifter skeleton (Depths:3)
  4 sky beasts
  2 black bears
  25 orc warriors
  26 ogres
  12 wolves
  6 small abominations
  12 centaurs
  2 kobold brigands
  A gnoll sergeant (D:11)
  10 bullfrogs
  6 scorpions
  An earth elemental (Elf:2)
  9 wights
  Dowan (D:6)
  5 killer bees
  5 howler monkeys
  3 jellies
  2 lava snakes (D:7)
  5 hounds
  A gnoll bouda (D:5)
  11 orc priests
  A sleepcap (D:6)
  An iguana (shapeshifter) (Elf:1)
  2 iguanas (D:7)
  17 orc wizards
  5 hell rats (Lair:3)
  A centaur simulacrum (D:9)
  10 gnolls
  5 adders
  A howler monkey simulacrum (D:9)
  9 white imps
  An ufetubus (D:9)
  A worm (D:3)
  3 dart slugs
  72 orcs
  6 endoplasms
  6 giant cockroaches
  10 goblins
  12 hobgoblins
  11 jackals
  6 quokkas
  6 ball pythons
  8 bats
  2 frilled lizards
  15 kobolds
  3 rats (D:1)
  A fungus (Lair:4)
  6 starspawn tentacles
1721 creatures vanquished.

Vanquished Creatures (collateral kills)
  A tengu reaver (D:13)
  A frost giant (Vaults:5)
  A fire giant (Vaults:5)
  An imperial myrmidon (Desolation)
  The ghost of lotum the Stormcaller, a journeyman TeAE of Sif Muna (Swamp:1)
  A very ugly thing (Depths:1)
  An entropy weaver (Spider:1)
  2 servants of whispers (Desolation)
  A centaur warrior (D:13)
  A skyshark (Lair:5)
  2 ugly things (Depths:1)
  A guardian serpent (Desolation)
  A rime drake (Lair:5)
  An unseen horror (D:13)
  A komodo dragon (Lair:5)
  A tarantella (Spider:1)
  7 saltlings (Desolation)
  A dream sheep (shapeshifter) (Elf:1)
  A jumping spider (Spider:1)
  A vampire (D:13)
  A culicivora (Spider:1)
29 creatures vanquished.

Vanquished Creatures (others)
  The ghost of NeonRainbow the Acrobat, an adept FeAE of Gozag (Vaults:3)
  Sonja (D:13)
  A deep elf zephyrmancer (Elf:3)
  A bloated husk (Swamp:3)
  A tarantella (Spider:3)
  A saltling (Desolation)
  A redback (Spider:4)
  8 foxfires
  26 fungi
  126 plants
  9 starspawn tentacles
  5 withered plants (Swamp:1)
181 creatures vanquished.

Grand Total: 1931 creatures vanquished

Table legend: (Time is in decaauts)
 A = Elapsed time spent in this place.
 B = Non-inter-level travel time spent in this place.
 C = Inter-level travel time spent in this place.
 D = Time resting spent in this place.
 E = Time spent auto-exploring this place.
 F = Levels seen in this place.
 G = Mean time per level.
                   A        B        C        D        E       F      G
               +--------+--------+--------+--------+--------+-----+--------+
         Total |  42633 |  39727 |   2906 |   3953 |  26206 |  46 |  926.8 |
       Dungeon |  13548 |  12498 |   1050 |    539 |   9486 |  15 |  903.2 |
          Lair |   5383 |   4781 |    602 |    354 |   3455 |   5 | 1076.6 |
         Swamp |   2942 |   2833 |    109 |    192 |   1971 |   4 |  735.5 |
   Spider Nest |   5182 |   4926 |    256 |    791 |   2969 |   4 | 1295.5 |
  Orcish Mines |    856 |    779 |     77 |      7 |    616 |   2 |  428.0 |
   Elven Halls |   3024 |   2777 |    247 |    395 |   1641 |   3 | 1008.0 |
        Vaults |   5977 |   5586 |    391 |    627 |   3562 |   5 | 1195.4 |
        Depths |   4366 |   4195 |    171 |    820 |   2337 |   4 | 1091.5 |
         Abyss |    421 |    421 |      0 |     51 |      9 |   2 |  210.5 |
        Bailey |    357 |    357 |      0 |     16 |    160 |   1 |  357.0 |
    Desolation |    572 |    572 |      0 |    156 |      0 |   1 |  572.0 |
               +--------+--------+--------+--------+--------+-----+--------+

Top non-repeatable levels by time:
Vaults:2: 1607 daAuts
Spider:2: 1578 daAuts
Spider:4: 1563 daAuts
Depths:1: 1470 daAuts
Depths:2: 1465 daAuts
    D:13: 1453 daAuts
Depths:3: 1428 daAuts
Vaults:1: 1371 daAuts
Vaults:4: 1320 daAuts
  Lair:3: 1315 daAuts
    D:11: 1258 daAuts
     D:7: 1220 daAuts
Vaults:3: 1212 daAuts
  Lair:1: 1170 daAuts
   Elf:1: 1128 daAuts

Table legend:
 A = Non-vault XP
 B = Vault XP
 C = Vault XP percentage of total XP
 D = Non-vault monster count
 E = Vault monster count
 F = Vault count percentage of total count
                 A         B        C        D         E       F
            +---------+---------+-------+---------+---------+-------
      Total |  456143 |  429813 |  48.5 |    1065 |     682 |  39.0
            +---------+---------+-------+---------+---------+-------
        D:1 |      26 |       6 |  18.8 |      17 |       3 |  15.0
        D:2 |     111 |      41 |  27.0 |      12 |      13 |  52.0
        D:3 |     147 |      41 |  21.8 |      18 |       4 |  18.2
        D:4 |     533 |       0 |   0.0 |      32 |       0 |   0.0
        D:5 |     512 |       0 |   0.0 |      16 |       0 |   0.0
        D:6 |     896 |     719 |  44.5 |      18 |       4 |  18.2
        D:7 |    1147 |    3596 |  75.8 |      14 |      21 |  60.0
        D:8 |    1268 |      95 |   7.0 |      21 |       2 |   8.7
        D:9 |    2562 |    1982 |  43.6 |      29 |      19 |  39.6
       D:10 |    1710 |     141 |   7.6 |      16 |       1 |   5.9
       D:11 |    4656 |     580 |  11.1 |      16 |       1 |   5.9
       D:12 |    4435 |     522 |  10.5 |      11 |       7 |  38.9
       D:13 |    9146 |   22824 |  71.4 |      26 |      40 |  60.6
       D:14 |    4103 |       0 |   0.0 |      10 |       0 |   0.0
       D:15 |   16172 |    1793 |  10.0 |      29 |       2 |   6.5
     Lair:1 |    4897 |    3589 |  42.3 |      16 |       4 |  20.0
     Lair:2 |    6721 |     182 |   2.6 |      25 |       1 |   3.8
     Lair:3 |   11235 |    5179 |  31.6 |      32 |      13 |  28.9
     Lair:4 |    7277 |       0 |   0.0 |      24 |       0 |   0.0
     Lair:5 |    8437 |   10187 |  54.7 |      26 |      25 |  49.0
    Swamp:1 |   10273 |    2762 |  21.2 |      24 |       2 |   7.7
    Swamp:2 |   17650 |       0 |   0.0 |      33 |       0 |   0.0
    Swamp:3 |   12549 |       0 |   0.0 |      23 |       0 |   0.0
    Swamp:4 |   18245 |   26531 |  59.3 |      34 |      38 |  52.8
   Spider:1 |   15503 |    5625 |  26.6 |      41 |       6 |  12.8
   Spider:2 |   11180 |    2662 |  19.2 |      32 |       5 |  13.5
   Spider:3 |   25115 |    9868 |  28.2 |      52 |      14 |  21.2
   Spider:4 |   19176 |   20260 |  51.4 |      38 |      38 |  50.0
      Orc:1 |     475 |       0 |   0.0 |       6 |       0 |   0.0
      Orc:2 |    1947 |   16381 |  89.4 |      23 |      36 |  61.0
      Elf:1 |   10859 |    9141 |  45.7 |      17 |      16 |  48.5
      Elf:2 |   10314 |   19250 |  65.1 |      18 |      17 |  48.6
      Elf:3 |   11802 |   19808 |  62.7 |      18 |      20 |  52.6
   Vaults:1 |   13768 |   10320 |  42.8 |      22 |      16 |  42.1
   Vaults:2 |   18261 |   24574 |  57.4 |      34 |      36 |  51.4
   Vaults:3 |   29441 |   17846 |  37.7 |      43 |      24 |  35.8
   Vaults:4 |   28653 |   26046 |  47.6 |      43 |      27 |  38.6
   Vaults:5 |   20264 |   46431 |  69.6 |      25 |      37 |  59.7
   Depths:1 |   27710 |   12222 |  30.6 |      31 |      27 |  46.6
   Depths:2 |   17213 |   26305 |  60.4 |      22 |      23 |  51.1
   Depths:3 |   30845 |   36540 |  54.2 |      36 |      30 |  45.5
    Abyss:3 |    6744 |       0 |   0.0 |      23 |       0 |   0.0
    Abyss:4 |   12165 |    3827 |  23.9 |      19 |       3 |  13.6
     Bailey |       0 |    2019 | 100.0 |       0 |      25 | 100.0
 Desolation |       0 |   39918 | 100.0 |       0 |      82 | 100.0
            +---------+---------+-------+---------+---------+-------
